AoeStats
← Sid

Arabia

504436158Analyzed
2v2 RM · 27d ago on Sep 5, 2026· 17m 45s· 4 players
Game mode
Random Map
Map size
Medium (4 player)
Population
200
Speed
Normal
Resources
Standard
Victory
Conquest
Starting age
Dark Age
Ending age
Imperial Age
RankedLock teamsTeams togetherTeam positionsShared explorationLock speedFull tech treeHidden civsTurbo modeCheats
Victory
Defeat
🇩🇪 Shu · Germany
1305
+15
🇨🇳 Franks · China
1289
+15
🇯🇵 Vikings · Japan
1289
-16
🇯🇵 Wei · Japan
1259
-14
fumin.jp
6:38 Loom
9:29 Feudal Age
10:07 Man-at-Arms
Sid
6:07 Loom
8:41 Feudal Age
14:44 Double-Bit Axe
14:41 Horse Collar
Hofgassler
6:37 Loom
8:53 Feudal Age
9:43 Double-Bit Axe
14:56 Fletching
17:02 Padded Archer Armor
CALF-PICO
6:00 Loom
8:29 Feudal Age
9:27 Double-Bit Axe
16:54 Forging
Connection lost

Rejoining the realm…

Still unreachable

The connection could not be restored.

Session expired

The server has moved on; the page needs a fresh start.